 Dungeon Crawl Stone Soup version 0.27-a0-695-gb4952372f7 (webtiles) character file.

Game seed: 4112004985032871038

5412 Ijustatesigmund the Protected (level 10, -27/80 HPs)
             Began as a Demonspawn Fighter on Mar 22, 2021.
             Was a Follower of Cheibriados.
             Blown up by a great orb of eyes (31 damage)
             ... with a mindburst bolt
             ... on level 2 of the Abyss.
             The game lasted 00:24:27 (12734 turns).

Ijustatesigmund the Protected (Demonspawn Fighter) Turns: 12734, Time: 00:24:27

Health: -27/80     AC:  8    Str: 22    XL:     10   Next: 40%
Magic:  9/10       EV: 19    Int: 17    God:    Cheibriados [*.....]
Gold:   1431       SH: 10    Dex: 17    Spells: 6/9 levels left

rFire    . . .     SeeInvis +   a - +0 war axe (venom)
rCold    + . .     Faith    .   c - +0 kite shield
rNeg     . . .     Spirit   .   b - +3 ring mail of the Cuttlefish {rC+ Str+4}
rPois    +         Reflect  .   (helmet restricted)
rElec    .         Harm     .   (no cloak)
rCorr    .         Rampage  .   g - +0 pair of gloves
Will     .....                  (no boots)
Stlth    +.........             (no amulet)
HPRegen  0.00/turn              e - ring of poison resistance
MPRegen  0.24/turn              A - ring of Hiulin {+Blink Str+2 Int+4 Dex+6 SInv}

@: agile, about to teleport, repel missiles, very slow
A: talons 2, repulsion field 3, powered by pain 1, magic regeneration, horns 1,
deformed body, clumsy 1[+1], [inhibited regeneration], weak 1[+1]
a: Renounce Religion, Evoke Blink, Bend Time


You were on level 2 of the Abyss.
You worshipped Cheibriados.
Cheibriados was aware of your devotion.
You visited 2 branches of the dungeon, and saw 11 of its levels.
You visited the Abyss 1 time.
You also visited: Sewer.

You collected 1750 gold pieces.
You spent 319 gold pieces at shops.

Inventory:

Hand Weapons
 a - a +0 war axe of venom (weapon)
 h - a +0 morningstar
Missiles
 f - 46 poisoned darts (quivered)
Armour
 b - the +3 ring mail of the Cuttlefish (worn) {rC+ Str+4}
   (You found it on level 6 of the Dungeon)

   It affects your strength (+4).
   It protects you from cold.
 c - a +0 kite shield (worn)
 g - a +0 pair of gloves (worn)
 m - a +1 helmet
Jewellery
 e - a ring of poison resistance (right hand)
 r - a ring of ice
 x - a ring of protection from cold
 A - the ring of Hiulin (left hand) {+Blink Str+2 Int+4 Dex+6 SInv}
   (You acquired it on level 8 of the Dungeon)

   [ring of dexterity]

   It affects your strength (+2).
   It affects your intelligence (+4).
   It affects your dexterity (+6).
   It lets you see invisible.
   It lets you blink.
Wands
 s - a wand of acid (4)
 u - a wand of iceblast (8)
Scrolls
 j - 2 scrolls of immolation
 y - a scroll of magic mapping
 z - a scroll of enchant weapon {unknown}
 B - a scroll of fog
Potions
 d - 9 potions of curing
 i - 2 potions of attraction
 k - 5 potions of lignification
 l - 3 potions of cancellation
 n - 2 potions of might
 t - a potion of brilliance


   Skills:
 - Level 8.3 Fighting
 - Level 8.2 Axes
 + Level 8.8 Armour
 - Level 3.1 Dodging
 - Level 3.2 Shields
 - Level 2.2 Translocations


You had 6 spell levels left.
You knew the following spells:

 Your Spells              Type           Power      Damage    Failure   Level
a - Magic Dart            Conj           0%         1d3       85%         1
b - Blink                 Tloc           N/A        N/A       67%         2

Your spell library contained the following spells:

 Spells                   Type           Power      Damage    Failure   Level
 Apportation              Tloc           14%        N/A       54%         1
 Animate Skeleton         Necr           0%         N/A       85%         1
 Corona                   Hex            0%         N/A       85%         1
 Shock                    Conj/Air       0%         1d3       85%         1
 Sting                    Tmut/Pois      0%         1d3       85%         1
 Summon Small Mammal      Summ           0%         N/A       85%         1
 Call Imp                 Summ           0%         N/A       94%         2
 Poisonous Vapours        Pois/Air       0%         N/A       94%         2
 Searing Ray              Conj           0%         3d3       94%         2
 Slow                     Hex            0%         N/A       94%         2
 Swiftness                Air            0%         N/A       94%         2
 Call Canine Familiar     Summ           0%         N/A       99%         3
 Conjure Flame            Conj/Fire      0%         6-21      99%         3
 Dazzling Flash           Conj/Hex       0%         N/A       99%         3
 Ignite Poison            Fire/Tmut/Pois 0%         N/A       99%         3
 Mephitic Cloud           Conj/Pois/Air  0%         N/A       99%         3
 Static Discharge         Conj/Air       0%         N/A       99%         3
 Summon Guardian Golem    Hex/Summ       0%         N/A       99%         3
 Airstrike                Air            0%         N/A       100%        4
 Fulminant Prism          Conj/Hex       0%         3d6       100%        4
 Iskenderun's Mystic Bla  Conj/Tloc      3%         2d3       100%        4
 Olgreb's Toxic Radiance  Pois           0%         N/A       100%        4
 Summon Ice Beast         Ice/Summ       0%         N/A       100%        4
 Summon Lightning Spire   Summ/Air       0%         N/A       100%        4
 Lightning Bolt           Conj/Air       0%         1d11      100%        5
 Freezing Cloud           Conj/Ice/Air   0%         6-21      100%        6


Dungeon Overview and Level Annotations

Branches:
Dungeon (10/15)            Temple (1/1) D:7           Sewer (visited)
   Lair: D:8-11         Orc: D:9-12

Altars:
Ashenzari
Cheibriados
Dithmenos
Elyvilon
Fedhas
Gozag
Hepliaklqana
Kikubaaqudgha
Makhleb
Nemelex Xobeh
Okawaru
Qazlal
Ru
Sif Muna
Trog
Uskayaw
Vehumet
Wu Jian
Xom
Yredelemnul
Zin
The Shining One

Shops:
D:3 !

Annotations:
D:4 2 transporters, Rosaphim's ghost, amateur GnCK
D:10 Erolcha


Innate Abilities, Weirdness & Mutations

You have razor-sharp toenails.
You are surrounded by a strong repulsion field. (EV +4, RMsl)
You sometimes gain a little power by taking damage.
You regenerate magic rapidly.
You have a pair of small horns on your head.
Armour fits poorly on your strangely shaped body.
[You are very clumsy. (Dex -4)]
[You do not regenerate when monsters are visible.]
[You are very weak. (Str -4)]


Message History

You feel a little less mighty now.
You start resting.
You feel your willpower return.
You start resting.
You feel a little less agile now.
You start resting.
A wretched star comes into view.
Found 24 gold pieces.
i - 2 potions of attraction (gained 1)
A great orb of eyes comes into view.
The great orb of eyes turns its gaze towards you.
The great orb of eyes gazes at you.
You suddenly lose the ability to move!
The great orb of eyes gazes at you.
You feel your power leaking away.
You can move again.
As you read the scroll of teleportation, it crumbles to dust.
You feel strangely unstable.
You feel the power of the Abyss delaying your translocation!
The wretched star pulses with an eldritch light!
You feel weaker.
Found 32 stones and a robe.
The wretched star pulses with an eldritch light!
You feel clumsy.
Found 38 gold pieces.
The wretched star pulses with an eldritch light!
Your regeneration stops near monsters.
You see here 24 gold pieces.
You now have 1431 gold pieces (gained 24).
The wretched star glows turbulently.
The lance of force hits you!!
* * * LOW HITPOINT WARNING * * *
You are knocked back by the lance of force.
You slam into the crystal wall!
* * * LOW HITPOINT WARNING * * *
You focus on the pain.
You feel agile all of a sudden. The great orb of eyes gazes at you.
Your mind is blasted!
You die...

#. .# ## #####
###.##..# ....
.....##ยง.#.
#..##...#......
###.#..#.....#.
##.@#..........
##......# ..#.[
#.....#.##.....#
#.#.....*..#
.$(.#.##.G.##
###.###.....##
##.#. .
##.#..............
. #.##..#..### #.
... # #......# ..
.


You could see a wretched star and a great orb of eyes.

Vanquished Creatures
  Pikel (D:7)
  Psyche (D:10)
  2 wyverns
  Menkaure (D:4)
  4 orc warriors
  A black bear (D:9)
  An ice beast (D:9)
  2 ogres
  A centaur (D:7)
  A lemure (D:7)
  6 bullfrogs
  5 kobold brigands
  A water moccasin zombie (D:9)
  A water moccasin skeleton (D:5)
  A scorpion (D:7)
  10 wights (D:10)
  A howler monkey (D:10)
  A bullfrog zombie (D:10)
  2 centaur zombies
  A quasit (D:5)
  A jelly (D:10)
  9 orc priests
  4 hounds
  A gnoll shaman (D:8)
  An iguana (D:8)
  9 orc wizards
  12 worker ants
  A hound zombie (D:7)
  A hound skeleton (D:4)
  A howler monkey zombie (D:5)
  20 gnolls
  7 river rats
  16 adders
  A shadow imp (D:10)
  A white imp (D:7)
  2 ufetubi
  2 oozes
  4 worms
  3 dart slugs (D:1)
  6 leopard geckos
  36 orcs
  8 bats
  6 giant cockroaches
  27 goblins
  27 hobgoblins
  5 jackals
  4 quokkas
  3 ball pythons (Sewer)
  10 frilled lizards
  A jackal skeleton (D:4)
  37 kobolds
  A leopard gecko skeleton (D:4)
  A leopard gecko zombie (D:5)
  30 rats
  A bush (D:1)
343 creatures vanquished.

Vanquished Creatures (others)
  A wight (D:10)
  2 plants
3 creatures vanquished.

Grand Total: 346 creatures vanquished

Notes
Turn   | Place    | Note
-------+----------+-------------------------------------------
     0 | D:1      | Ijustatesigmund the Demonspawn Fighter began the quest for
                  | the Orb.
     0 | D:1      | Reached XP level 1. HP: 18/18 MP: 1/1
    80 | D:1      | Gained mutation: You are surrounded by a mild repulsion
                  | field. (EV +2) [demonic ancestry]
    80 | D:1      | Reached XP level 2. HP: 24/24 MP: 2/2
   487 | D:1      | Reached skill level 1 in Dodging
   919 | D:1      | Learned a level 1 spell: Magic Dart
   949 | D:2      | Reached XP level 3. HP: 29/29 MP: 3/3
  1016 | D:2      | Identified a scroll of acquirement
  1016 | D:2      | Acquired 1275 gold pieces
  1319 | D:2      | Found a faded altar of an unknown god.
  1970 | D:3      | Gained mutation: You have sharp toenails. [demonic
                  | ancestry]
  1970 | D:3      | Reached XP level 4. HP: 35/35 MP: 4/4
  2135 | D:3      | Learned a level 2 spell: Blink
  2323 | D:3      | Found Yhej's Distillery.
  2334 | D:3      | Bought 2 potions of might for 88 gold pieces
  2334 | D:3      | Bought a potion of haste for 110 gold pieces
  2334 | D:3      | Bought a potion of curing for 33 gold pieces
  2334 | D:3      | Bought a potion of cancellation for 88 gold pieces
  2420 | D:3      | Gained mutation: You sometimes gain a little power by
                  | taking damage. [demonic ancestry]
  2420 | D:3      | Reached XP level 5. HP: 40/42 MP: 5/5
  2670 | D:4      | Noticed Menkaure
  2677 | D:4      | Killed Menkaure
  2678 | D:4      | Reached skill level 1 in Translocations
  2678 | D:4      | Reached XP level 6. HP: 40/48 MP: 6/6
  2727 | D:4      | Found a broken altar of Ashenzari.
  3002 | D:4      | You fall into a shaft and drop 2 floors!
  3046 | D:5      | Entered Level 5 of the Dungeon
  3207 | D:4      | Found a hide-covered altar of Uskayaw.
  3255 | D:4      | Found a transporter.
  3267 | D:4      | Gained mutation: You regenerate magic rapidly. [demonic
                  | ancestry]
  3267 | D:4      | Reached XP level 7. HP: 49/55 MP: 7/7
  3309 | D:4      | Found a transporter.
  3309 | D:4      | Noticed Rosaphim's ghost (amateur GnCK)
  3346 | D:4      | Reached skill level 5 in Axes
  3357 | D:4      | Found a glowing drain.
  3362 | Sewer    | Entered a sewer
  4089 | Sewer    | Reached skill level 5 in Fighting
  5715 | D:5      | Gained mutation: You are surrounded by a moderate repulsion
                  | field. (EV +3) [demonic ancestry]
  5715 | D:5      | Reached XP level 8. HP: 47/62 MP: 8/8
  8310 | D:6      | Identified the +3 ring mail of the Cuttlefish {rC+ Str+4}
  8768 | D:7      | Identified the +1 leather armour "Nupioh" {rF+ Int+4}
  8811 | D:7      | Gained mutation: Your magical capacity is low. (-10% MP)
                  | [potion of mutation]
  8811 | D:7      | Gained mutation: Your muscles are strong. (Str +2) [potion
                  | of mutation]
  8811 | D:7      | Gained mutation: Armour fits poorly on your strangely
                  | shaped body. [potion of mutation]
  8811 | D:7      | Gained mutation: You are surrounded by a strong repulsion
                  | field. (EV +4, RMsl) [potion of mutation]
  8812 | D:7      | Lost mutation: Your magical capacity is low. (-10% MP)
                  | [potion of mutation]
  8812 | D:7      | Lost mutation: Your muscles are strong. (Str +2) [potion of
                  | mutation]
  8812 | D:7      | Gained mutation: [You are weak. (Str -2)] [potion of
                  | mutation]
  8812 | D:7      | Gained mutation: [You are clumsy. (Dex -2)] [potion of
                  | mutation]
  8812 | D:7      | Gained mutation: You have a pair of small horns on your
                  | head. [potion of mutation]
  9000 | D:7      | Reached skill level 5 in Armour
  9004 | D:7      | Found a staircase to the Ecumenical Temple.
  9025 | D:7      | Gained mutation: You have razor-sharp toenails. [demonic
                  | ancestry]
  9025 | D:7      | Reached XP level 9. HP: 43/71 MP: 9/9
  9028 | Temple   | Entered the Ecumenical Temple
  9774 | D:7      | Found a stormy altar of Qazlal.
  9843 | D:8      | Noticed Pikel
  9857 | D:7      | Killed Pikel
 10384 | D:8      | Found a flagged portal.
 10978 | D:8      | Acquired the ring of Hiulin {+Blink Str+2 Int+4 Dex+6 SInv}
 11441 | D:9      | Found a bloodstained altar of Trog.
 11627 | D:9      | Found an ornate altar of the Wu Jian Council.
 11628 | D:9      | Found a shimmering blue altar of Sif Muna.
 11796 | D:9      | Reached XP level 10. HP: 58/80 MP: 10/10
 12071 | Temple   | Became a worshipper of Cheibriados the Contemplative
 12466 | D:10     | Entered Level 10 of the Dungeon
 12580 | D:10     | Noticed Psyche
 12592 | D:10     | Killed Psyche
 12619 | D:10     | Noticed a centaur warrior
 12633 | D:10     | Noticed Erolcha
 12637 | D:10     | Reached * piety under Cheibriados
 12637 | D:10     | Cast into level 2 of the Abyss (Erolcha)
 12720 | Abyss:2  | Noticed a wretched star
 12725 | Abyss:2  | Noticed a great orb of eyes
 12725 | Abyss:2  | Paralysed by a great orb of eyes for 4 turns
 12734 | Abyss:2  | HP: 4/80 [crystal wall collision (20)]
 12734 | Abyss:2  | Blown up by a great orb of eyes

Illustrated notes

Levels and vault maps discovered:
D:1:      matt_arrival_los_fun, layout_rooms, serial_forest,
          infiniplex_forest_end_3, infiniplex_forest_lined_4_way,
          infiniplex_forest_straight_3, infiniplex_forest_pool,
          infiniplex_forest_straight_2, infiniplex_forest_zigzag_1,
          infiniplex_forest_end_2, infiniplex_forest_clump_cross
D:2:      layout_loops_ring, chequers_ecumenical_altar_simple_redux,
          kennysheep_generic_room_6
D:3:      layout_basic, tso_oasis_becter, serial_shops, shop
D:4:      layout_basic, nicolae_overflow_crystal_walls,
          nicolae_overflow_hidden_temple, gammafunk_ghost_arena,
          lightli_sewer_entry_pipes, uniq_menkaure
D:5:      minmay_goblin_kobold_castle, layout_basic
D:6:      layout_basic, serial_curves, eino_curves_03, eino_curves_03
D:7:      layout_loops_ring, lemuel_doored_altar, minmay_temple_entry_trees
D:8:      layout_loops_cross, enter_bailey_8, minivault_23, uniq_pikel
D:9:      layout_irregular_city, gammafunk_temple_overflow_pools, bloody_trog,
          nrook_uturn
D:10:     layout_rooms, kennysheep_big_empty_room, lightli_fourway_metalbox,
          uniq_erolcha, uniq_psyche, uniq_erica
Temple:   nicolae_temple_great_sept
Abyss:2:  base:
D:7

Skill      XL: |  1  2  3  4  5  6  7  8  9 10 |
---------------+-------------------------------+-----
Axes           | 2 3 4 5 6 8 |  8.2
Dodging        | 1 2 3 |  3.1
Fighting       | 4 5 6 8 |  8.3
Translocations | 1 2 |  2.2
Armour         | 3 5 6 8 |  8.8
Shields        | 3 |  3.2

Action                   |  1- 3 |  4- 6 |  7- 9 | 10-12 || total
-------------------------+-------+-------+-------+-------++-------
Melee: War axe           |   185 |   107 |   431 |    54 ||   777
       Kick              |       |    27 |   121 |    24 ||   172
       Headbutt          |       |       |    21 |    13 ||    34
Throw: Dart              |     5 |     7 |    15 |       ||    27
Evoke: Wand              |       |       |     2 |     4 ||     6
  Use: Scroll            |     5 |     5 |    10 |     7 ||    27
       Potion            |       |     4 |    13 |     4 ||    21
Armor: Scale mail        |    54 |    47 |   120 |       ||   221
       Ring mail         |       |       |    36 |    13 ||    49
       Plate armour      |       |       |     4 |       ||     4
Dodge: Dodged            |    56 |    39 |   264 |    54 ||   413
       Repelled          |       |       |     1 |       ||     1
Block: Kite shield       |    70 |    44 |   252 |    38 ||   404

Table legend: (Time is in decaauts)
 A = Elapsed time spent in this place.
 B = Non-inter-level travel time spent in this place.
 C = Inter-level travel time spent in this place.
 D = Time resting spent in this place.
 E = Time spent auto-exploring this place.
 F = Levels seen in this place.
 G = Mean time per level.
                   A        B        C        D        E       F      G
               +--------+--------+--------+--------+--------+-----+--------+
         Total |  13278 |  12803 |    475 |   2969 |   7574 |  13 | 1021.4 |
       Dungeon |  11656 |  11206 |    450 |   2246 |   6940 |  10 | 1165.6 |
        Temple |    339 |    314 |     25 |    229 |     71 |   1 |  339.0 |
         Abyss |     99 |     99 |      0 |     79 |      0 |   1 |   99.0 |
         Sewer |   1182 |   1182 |      0 |    415 |    562 |   1 | 1182.0 |
               +--------+--------+--------+--------+--------+-----+--------+

Top non-repeatable levels by time:
     D:5: 2587 daAuts
     D:4: 1498 daAuts
     D:9: 1247 daAuts
     D:1: 1239 daAuts
     D:8: 1220 daAuts
   Sewer: 1182 daAuts
     D:7: 1071 daAuts
     D:6: 1037 daAuts
     D:2: 798 daAuts
     D:3: 759 daAuts
  Temple: 339 daAuts
    D:10: 196 daAuts
 Abyss:2: 99 daAuts
